AoeStats
← Mhafiki

Arabia

503546114Analyzed
1v1 RM · 1mo ago on Sep 1, 2026· 50m 48s· 2 players
Game mode
Random Map
Map size
Tiny (2 player)
Population
200
Speed
Normal
Resources
Standard
Victory
Conquest
Starting age
Dark Age
Ending age
Imperial Age
RankedLock teamsTeams togetherTeam positionsShared explorationLock speedFull tech treeHidden civsTurbo modeCheats
Victory
Defeat
🇺🇸 Chinese · United States
1106
+18
🇺🇸 Gurjaras · United States
1145
-18
Mhafiki
6:04 Loom
9:38 Feudal Age
10:12 Double-Bit Axe
12:34 Horse Collar
19:13 Castle Age
17:42 Fletching
20:13 Bow Saw
20:05 Heavy Plow
20:33 Padded Archer Armor
23:53 Bodkin Arrow
25:21 Scale Barding Armor
25:27 Forging
25:39 Leather Archer Armor
24:45 Crossbowman
25:57 Thumb Ring
26:16 Gold Mining
31:40 Forging
31:35 Scale Barding Armor
33:36 Iron Casting
34:59 Chain Barding Armor
37:19 Bloodlines
38:43 Gold Shaft Mining
43:37 Imperial Age
41:05 Stone Mining
42:05 Husbandry
43:49 Ballistics
43:56 Arbalester
45:37 Blast Furnace
44:41 Bracer
45:12 Ring Archer Armor
45:42 Blast Furnace
49:29 Chemistry
49:26 Wheelbarrow
48:58 Cavalier
51:08 Plate Barding Armor
sad lad
3:14 Loom
10:54 Feudal Age
17:07 Castle Age
15:03 Horse Collar
15:09 Double-Bit Axe
18:49 Bow Saw
20:05 Fletching
22:40 Stone Mining
27:50 Heavy Plow
31:43 Elite Skirmisher
32:59 Gold Mining
34:09 Bodkin Arrow
35:10 Redemption
35:49 Sanctity
38:17 Wheelbarrow
39:33 Padded Archer Armor
44:12 Imperial Age
42:23 Gold Shaft Mining
42:02 Scale Barding Armor
43:30 Bloodlines
43:20 Husbandry
43:42 Chain Barding Armor
44:48 Forging
45:18 Conscription
45:43 Crop Rotation
45:19 Elite Shrivamsha Rider
45:20 Heavy Camel Rider
47:14 Hand Cart
47:54 Plate Barding Armor
50:52 Iron Casting
Connection lost

Rejoining the realm…

Still unreachable

The connection could not be restored.

Session expired

The server has moved on; the page needs a fresh start.